 Dungeon Crawl Stone Soup version 0.21-a0-417-g0adc95b (webtiles) character file.

22 slep the Chiller (level 2, 0/19 HPs)
             Began as a Barachi Ice Elementalist on Nov 3, 2017.
             Slain by an adder (3 damage)
             ... on level 1 of the Dungeon.
             The game lasted 00:07:46 (836 turns).

slep the Chiller (Barachi Ice Elementalist)          Turns: 836, Time: 00:07:46

Health: 0/19       AC: 12    Str:  9    XL:     2   Next: 91%
Magic:  4/5        EV: -6    Int: 15    God:
Gold:   41         SH:  0    Dex: 12    Spells: 4/5 levels left

rFire    + . .     SeeInvis .   d - +0 club
rCold    + . .     Gourm    .   (no shield)
rNeg     . . .     Faith    .   n - +0 gold dragon scales
rPois    +         Spirit   .   (no helmet)
rElec    .         Reflect  .   (no cloak)
rCorr    .         Harm     .   (no gloves)
MR       .....                  (no boots)
Stlth    ..........             (no amulet)
HPRegen  0.06/turn              (no ring)
MPRegen  0.09/turn              (no ring)

@: very slightly contaminated, slow
A: +LOS, swims, slowness 1, strong legs 1
a: Hop


You were on level 1 of the Dungeon.
You were not hungry.

You visited 1 branch of the dungeon, and saw 2 of its levels.

You collected 41 gold pieces.

Inventory:

Hand Weapons
 d - a +0 club (weapon)
Missiles
 g - 3 javelins (quivered)
Armour
 a - a +0 robe
 n - +0 gold dragon scales (worn)
Scrolls
 e - 2 scrolls of remove curse {unknown}
 h - 2 scrolls of identify {unknown}
 j - a scroll of noise {unknown}
 o - a scroll of enchant armour {unknown}
Potions
 f - a potion of curing {unknown}
 k - a potion of cancellation {unknown}
Books
 b - a book of Frost

   Spells                             Type                      Level
   a - Freeze                         Ice                          1
   b - Throw Frost                    Conjuration/Ice              2
   c - Ozocubu's Armour               Charms/Ice                   3
   d - Throw Icicle                   Conjuration/Ice              4
   e - Summon Ice Beast               Ice/Summoning                4
Comestibles
 c - a bread ration
 i - a fruit
 m - a meat ration


   Skills:
 + Level 0.3 Maces & Flails
 + Level 0.2 Throwing
 + Level 2.3 Dodging
 + Level 2.0 Stealth
 + Level 2.4 Spellcasting
   Level 1.1 Conjurations
 + Level 4.2 Ice Magic


You had 4 spell levels left.
You knew the following spells:

 Your Spells              Type           Power        Failure   Level  Hunger
a - Freeze                Ice            ##..         100%        1    #......


Dungeon Overview and Level Annotations

Branches:
Dungeon (2/15)

Altars:


Innate Abilities, Weirdness & Mutations

Shadows flee at your approach. (+LOS)
You can swim through water.
You cover ground slowly.
You can hop short distances.


Message History

Your gold dragon scales prevents you from hitting the adder.
The adder bites you but does no damage. x3
Your gold dragon scales prevents you from hitting the adder.
The adder bites you but does no damage. x4
You miss the adder.
The adder bites you but does no damage. x3
Your gold dragon scales prevents you from hitting the adder.
The adder bites you. x3
* * * LOW HITPOINT WARNING * * *
You barely miss the adder.
The adder bites you but does no damage. x4
You hit the adder.
The adder is moderately wounded.
The adder bites you.
* * * LOW HITPOINT WARNING * * *
The adder bites you but does no damage. x2
Your gold dragon scales prevents you from hitting the adder.
The adder is moderately wounded.
The adder bites you.
* * * LOW HITPOINT WARNING * * *
The adder bites you.
You die...

......PP.PP.PPP.PP.PP#.....#)#.#.
......PP.PPP...PPP.PP#.....#.#.##
......PPP..PPPPP..PPP#...........
.....#PPPPP.....PPPPP..#.#.#.#.#.
.#####PPPPPPPPPPPPPPP..#.#.#.#...
.##...PPPPPPPPPPPPPPP............
.##...#....................#.##..
.##.............S................
.##.............@####........##..
.........######S....#......(.##..
.................................
..........................#......
...............................(.
....##......................#####
........)...................+....
#########...........#####...#....
# ####......##########...#....


You could see 2 adders.

Vanquished Creatures
  5 bats (D:1)
  2 giant cockroaches (D:1)
  4 hobgoblins (D:1)
  3 kobolds (D:1)
  5 goblins (D:1)
  A rat (D:1)
20 creatures vanquished.

Notes
Turn   | Place    | Note
-------+----------+-------------------------------------------
     0 | D:1      | slep the Barachi Ice Elementalist began the quest for the Orb.
     0 | D:1      | Reached XP level 1. HP: 13/13 MP: 3/3
   103 | D:1      | Reached skill level 4 in Ice Magic
   105 | D:1      | Reached XP level 2. HP: 15/19 MP: 5/5
   836 | D:1      | Slain by an adder

Vault maps used:
D:1:      roderic_crop_circles_arrival_small
D:2:      uniq_natasha

Skill      XL: |  1  2 |
---------------+-------+-----
Ice Magic      | 4 |  4.2
Stealth        | 2 |  2.0
Maces & Flails | |  0.3
Throwing       | |  0.2
Dodging        | |  2.3
Spellcasting   | |  2.4
Conjurations   | |  1.1

Action                   || total
-------------------------++-------
Melee: Unarmed           ||     1
       Club              ||   132
Throw: Javelin           ||    17
 Cast: Freeze            ||     7
  Eat: Chunk             ||     1
Armor: Gold dragon scale ||   226
       Robe              ||     3
Dodge: Dodged            ||    13

Table legend:
 A = Spawn XP
 B = Non-spawn XP
 C = Spawn XP percentage of total XP
 D = Spawn monster count
 E = Non-spawn monster count
 F = Spawn count percentage of total count
 G = Total turns spent on level
                    A         B        C        D         E        F      G
               +---------+---------+-------+---------+---------+-------+---------
         Total |       0 |      32 |   0.0 |       0 |      20 |   0.0 |   836
               +---------+---------+-------+---------+---------+-------+---------
           D:1 |       0 |      32 |   0.0 |       0 |      20 |   0.0 |   831
               +---------+---------+-------+---------+---------+-------+---------
